 Dungeon Crawl Stone Soup version 0.19.1 (webtiles) character file.

89 mmcf the Insei (level 4, -3/32 HPs)
             Began as a Merfolk Transmuter on Dec 3, 2016.
             Slain by Menkaure (9 damage)
             ... on level 4 of the Dungeon.
             The game lasted 00:04:30 (2399 turns).

mmcf the Insei (Merfolk Transmuter)                 Turns: 2399, Time: 00:04:31

Health: -3/32      AC:  2    Str: 10    XL:     4   Next: 55%
Magic:  6/7        EV: 14    Int: 13    God:
Gold:   98         SH:  0    Dex: 14    Spells: 3 memorised, 1 level left

rFire  . . .     SeeInvis .       - Unarmed
rCold  . . .     Gourm    .     b - +0 robe
rNeg   + . .     Faith    .     (no shield)
rPois  .         Spirit   .     (no helmet)
rElec  .         Reflect  .     (no cloak)
rCorr  .         Harm     .     (no gloves)
MR     +....                    (no boots)
Stlth  +.........               i - amulet of regeneration
                                o - ring of protection from magic
                                e - ring of positive energy

@: appendage (expiring)
A: change form in water, swift swim, stealthy swim, horns 2
a: End Transformation


You were on level 4 of the Dungeon.
You were not hungry.
You had grown temporary horns.
You visited 1 branch of the dungeon, and saw 4 of its levels.

You collected 98 gold pieces.

Inventory:

Hand Weapons
 v - a +0 trident
Missiles
 a - 32 arrows
 g - 148 stones (quivered)
 k - 17 sling bullets
Armour
 b - a +0 robe (worn)
Jewellery
 e - a ring of positive energy (left hand)
 i - an amulet of regeneration (around neck)
 o - a ring of protection from magic (right hand)
Wands
 l - a wand of polymorph (19/24)
 s - a wand of lightning (7/15)
Scrolls
 f - 2 scrolls of enchant weapon {unknown}
 m - a scroll of recharging {unknown}
 q - 3 scrolls of remove curse {unknown}
 r - a scroll of enchant armour {unknown}
 x - a scroll of fog {unknown}
 y - a scroll of fear {unknown}
 B - 4 scrolls of identify
 C - a scroll of teleportation {unknown}
Potions
 j - a potion of heal wounds
 n - a potion of haste
 p - a potion of agility
 t - 2 potions of lignification
 u - a potion of cancellation
 w - a potion of might
 z - a potion of curing
Books
 c - a book of Changes

   Spells                             Type                      Level
   a - Beastly Appendage              Transmutation                1
   b - Sticks to Snakes               Transmutation                2
   c - Spider Form                    Transmutation/Poison         3
   d - Ice Form                       Ice/Transmutation            4
   e - Blade Hands                    Transmutation                5
Comestibles
 d - 3 bread rations
 h - 2 meat rations
 A - 7 chunks of flesh


   Skills:
 + Level 1.4 Fighting
 + Level 3.9 Dodging
 - Level 5.0 Unarmed Combat
 - Level 2.0 Spellcasting
 + Level 2.6 Transmutations


You had one spell level left.
You knew the following spells:

 Your Spells              Type           Power        Failure   Level  Hunger
a - Beastly Appendage     Tmut           #.....       10%         1    ##.....
b - Sticks to Snakes      Tmut           #.......     14%         2    ###....
c - Spider Form           Tmut/Pois      #.........   52%         3    ####...


Dungeon Overview and Level Annotations

Branches:
Dungeon (4/15)
 Temple: D:4-7

Altars:

Annotations:
D:4 Menkaure


Innate Abilities, Weirdness & Mutations

You revert to your normal form in water.
You are very nimble and swift while swimming.
You are very stealthy in the water. (Stealth+)
You have a pair of horns on your head.


Message History

Menkaure is moderately damaged.
Menkaure hits you!
A leopard gecko comes into view.
You hit Menkaure.
Menkaure is heavily damaged.
Your transformation is almost over.
The leopard gecko moves out of view.
You hit Menkaure.
Menkaure is heavily damaged.
Menkaure gestures wildly while chanting.
Menkaure seems to speed up.
You hit Menkaure but do no damage. You headbutt Menkaure.
Menkaure is severely damaged.
Menkaure hits you!
* * * LOW HITPOINT WARNING * * *
Menkaure gestures at you while chanting.
You resist with some effort.
Menkaure grins.
Menkaure hits you!
You die...

... .. ..
#. #.. #.#
##.######
#..@..?.#
#..M####.#
#....
##... #...
#.#. #...
###.


You could see Menkaure.

Vanquished Creatures
  An iguana (D:4)
  An adder (D:2)
  2 worms (D:2)
  4 leopard geckos
  A ball python (D:2)
  6 bats
  3 giant cockroaches (D:2)
  4 goblins
  7 hobgoblins
  3 jackals (D:1)
  A quokka (D:3)
  2 frilled lizards
  3 kobolds
  3 rats (D:1)
41 creatures vanquished.

Vanquished Creatures (collateral kills)
  A frilled lizard (D:4)
1 creature vanquished.

Grand Total: 42 creatures vanquished

Notes
Turn   | Place    | Note
-------+----------+-------------------------------------------
     0 | D:1      | mmcf the Merfolk Transmuter began the quest for the Orb.
     0 | D:1      | Reached XP level 1. HP: 15/15 MP: 3/3
   227 | D:1      | Reached XP level 2. HP: 18/21 MP: 3/5
   725 | D:1      | Reached skill level 4 in Unarmed Combat
   887 | D:1      | Learned a level 2 spell: Sticks to Snakes
   902 | D:1      | Reached XP level 3. HP: 25/26 MP: 6/6
  1062 | D:2      | Learned a level 3 spell: Spider Form
  2087 | D:3      | Reached XP level 4. HP: 32/32 MP: 7/7
  2252 | D:4      | Reached skill level 5 in Unarmed Combat
  2394 | D:4      | Noticed Menkaure
  2399 | D:4      | Slain by Menkaure

Skill      XL: |  1  2  3  4 |
---------------+-------------+-----
Dodging        | 3 |  3.9
Unarmed Combat | 4 5 |  5.0
Fighting       | |  1.4
Spellcasting   | |  2.0
Transmutations | |  2.6

Action                   |  1- 3 |  4- 6 || total
-------------------------+-------+-------++-------
Melee: Unarmed           |   152 |    28 ||   180
       Headbutt          |     6 |     3 ||     9
 Cast: Beastly Appendage |     5 |     2 ||     7
       Sticks to Snakes  |       |     1 ||     1
  Use: Scroll            |     7 |       ||     7
 Stab: Sleeping          |     3 |       ||     3
  Eat: Chunk             |     4 |     1 ||     5
Armor: Robe              |    24 |     5 ||    29
Dodge: Dodged            |   103 |    23 ||   126
